Unix NetHack Version 3.7.0-97 Work-in-progress - last build Feb 8 2024 15:05:57 (6d6cdf8371b60126770a3d7b88910941cb14a054,branch:master). Game began 2024-02-19 09:30:15, ended 2024-02-19 09:43:46. elenmirie, neutral female gnomish Archeologist ------------- --------------- ------ ##-...........| |.............|## +.`..| # |...........| |..............## |....| ####+......[....| |>............|## |....| # #|...........| |.............|## |....| # -------.----- |.............|####...<.| # # ----.----------0 |....| # ## ##f##### ---|-- -------- ## ####### ## # |.......### ### ## # |.....^| --------|----- ## |.{....+ |............| ### -------- |.........[..| -------.--- |.............#####-........(| -------------- |.........| ----------- Elenmirie the Field Worker St:17 Dx:9 Co:15 In:13 Wi:14 Ch:9 Neutral Dlvl:6 $:13 HP:0(36) Pw:22(22) AC:4 Xp:4/126 T:2601 Burdened Latest messages: You swap places with Yermak. You hit the paper golem! The paper golem misses! You destroy the paper golem! You have a little trouble lifting W - an unlabeled scroll. X - an unlabeled scroll. X - an unlabeled scroll (2 in total). What do you want to use or apply? [agtvwHIM or ?*] w You put an unlabeled scroll into the sack. You put 2 unlabeled scrolls into the sack. Yermak suddenly disappears! Ouch! You bump into a door. In what direction? k That is a teleportation trap. This door is locked. This door is locked. This door is locked. This door is locked. This door is locked. This door is locked. You materialize in a different location! The straw golem hits! The straw golem just misses! You miss the straw golem. The straw golem hits! The straw golem misses! The straw golem hits! The straw golem hits again! You hit the straw golem! The straw golem hits! The straw golem hits again! You destroy the straw golem! The housecat bites! You miss the housecat. The housecat bites! You hit the housecat! The housecat misses! The housecat bites! You miss the housecat. The housecat bites! The housecat bites! You hit the housecat. The housecat bites! The housecat bites! You die... Do you want your possessions identified? [ynq] (y) y Do you want to see your attributes? [ynq] (y) y Do you want an account of creatures vanquished? [ynaq] (y) y Do you want to see your conduct and achievements? [ynq] (y) y Do you want to see the dungeon overview? [ynq] (y) y Inventory: Coins $ - 13 gold pieces Weapons K - an uncursed +0 orcish dagger a - an uncursed +2 bullwhip M - an uncursed +0 dwarvish mattock (weapon in hands) Armor N - an uncursed +0 dwarvish iron helm (being worn) c - an uncursed +0 fedora O - an uncursed +0 pair of iron shoes (being worn) u - an uncursed +0 cloak of invisibility (being worn) b - an uncursed +0 leather jacket (being worn) Comestibles d - 5 uncursed food rations J - an uncursed tripe ration Rings G - a cursed -2 ring of protection C - an uncursed ring of shock resistance Wands v - an uncursed wand of speed monster (0:3) I - an uncursed wand of striking (0:5) H - an uncursed wand of undead turning (0:3) Tools w - an uncursed sack containing 19 items t - an uncursed tinning kit (0:53) Gems/Stones g - an uncursed touchstone Contents of the sack: 846 gold pieces 2 blessed scrolls of blank paper 4 uncursed scrolls of blank paper a cursed scroll of blank paper an uncursed scroll of create monster an uncursed scroll of destroy armor a cursed scroll of enchant weapon an uncursed scroll of fire a cursed scroll of light an uncursed scroll of scare monster an uncursed scroll of stinking cloud a cursed scroll of teleportation an uncursed spellbook of invisibility an uncursed spellbook of protection an uncursed potion of full healing an uncursed potion of healing a cursed potion of invisibility a cursed potion of monster detection an uncursed +0 pick-axe Elenmirie the Archeologist's attributes: Background: You were a Field Worker, a level 4 female gnomish Archeologist. You were neutral, nominally on a mission for Camaxtli who was opposed by Quetzalcoatl (lawful) and Huhetotl (chaotic). You were right-handed. You were in the Dungeons of Doom, on level 6. You entered the dungeon 2601 turns ago. You had 126 experience points, 34 more were needed to attain level 5. Basics: You had 0 out of 36 hit points. You had all 22 energy points (spell power). Your armor class was 4. Your wallet contained 13 zorkmids, and you had 846 more stashed away in your pack. Autopickup was on for '$' plus thrown. Final Characteristics: Your strength was 17 (limit:18/50). Your dexterity was 9 (limit:18). Your constitution was 15 (limit:18). Your intelligence was 13 (limit:19). Your wisdom was 14 (limit:18). Your charisma was 9 (limit:18). Final Status: You weren't hungry. You were burdened; movement was slightly slowed. You were wielding a mattock. You had basic skill with pick-axe. Final Attributes: You were piously aligned. You had automatic searching. You had infravision. You were invisible. You were warded. You are dead. Miscellaneous: You never encountered a bones level. Total elapsed playing time was 13 minutes and 30 seconds. Major events: Turn 1: elenmirie the neutral female gnomish Archeologist entered the dungeon 810: entered the Gnomish Mines 1013: attained the rank of Field Worker (level 3) 2601: killed by a housecat Vanquished creatures: an Uruk-hai a yellow light a straw golem 2 paper golems a little dog a floating eye 2 kittens a dwarf 2 dwarf zombies 2 iguanas a hobbit a large kobold a hobgoblin a cave spider a brown mold 2 gnomes 3 garter snakes a gecko 4 jackals a kobold 3 goblins 3 sewer rats 8 grid bugs 3 newts 47 creatures vanquished. No species were genocided or became extinct. Voluntary challenges: You were an atheist. You read items or engraved 3 times. You never engraved Elbereth. You never genocided any monsters. You never polymorphed an object. You never changed form. You used no wishes. Achievements: You entered the Gnomish Mines. You entered a shop. You attained the rank of Field Worker. The Dungeons of Doom: levels 1 to 6 Level 1: A fountain. Level 2: A fountain. Stairs down to The Gnomish Mines. Level 3: Level 4: A fountain. Level 5: A fountain. Level 6: <- You were here. A fountain. Final resting place for you, killed by a housecat. The Gnomish Mines: Level 3: Game over: ---------- / \ / REST \ / IN \ / PEACE \ / \ | elenmirie | | 859 Au | | killed by a | | housecat | | | | | | 2024 | *| * * * | * _________)/\\_//(\/(/\)/\//\/|_)_______ Goodbye elenmirie the Archeologist... You died in The Dungeons of Doom on dungeon level 6 with 1528 points, and 859 pieces of gold, after 2601 moves. You were level 4 with a maximum of 36 hit points when you died.